 Dungeon Crawl Stone Soup version 0.18.1-50-g88ac8fd (webtiles) character file.

1573 magog001 the Shield-Bearer (level 8, -7/77 HPs)
             Began as a Minotaur Fighter on Mar 4, 2017.
             Killed from afar by a deep elf mage (43 damage)
             ... with a bolt of cold
             ... on level 7 of the Dungeon.
             The game lasted 00:38:03 (5242 turns).

magog001 the Shield-Bearer (Minotaur Fighter)       Turns: 5242, Time: 00:38:07

Health: -7/77      AC: 13    Str: 24    XL:     8   Next: 59%
Magic:  7/7        EV: 10    Int:  5    God:
Gold:   44         SH: 11    Dex:  9    Spells: 0 memorised, 7 levels left

rFire  + + .     SeeInvis .     a - +2 war axe (elec)
rCold  x . .     Gourm    .     w - +0 fire dragon armour
rNeg   . . .     Faith    .     c - +0 shield
rPois  .         Spirit   .     (helmet restricted)
rElec  .         Dismiss  .     (no cloak)
rCorr  .         Reflect  .     s - +1 pair of gloves
SustAt .         Harm     .     (no boots)
MR     .....                    (no amulet)
Stlth  ..........               (no ring)
                                (no ring)

@: not resistant to hostile enchantments, extremely unstealthy
A: retaliatory headbutt, horns 2, molten scales 1, robust 1, evolution 1
a: no special abilities


You were on level 7 of the Dungeon.
You were full.

You visited 1 branch of the dungeon, and saw 7 of its levels.
You also visited: Sewer.

You collected 304 gold pieces.
You spent 260 gold pieces at shops.

Inventory:

Hand Weapons
 a - a +2 war axe of electrocution (weapon)
 e - a +2 long sword of holy wrath
 g - a +0 blowgun
Missiles
 v - 14 poisoned needles
Armour
 c - a +0 shield (worn)
 s - a +1 pair of gloves (worn)
 w - a +0 fire dragon armour (worn)
Scrolls
 b - a scroll of blinking {unknown}
 m - 3 scrolls of amnesia
 o - 4 scrolls of identify
 y - 5 scrolls of remove curse
 A - 2 scrolls of teleportation
Potions
 d - 3 potions of might
 j - a potion of haste {unknown}
 k - 3 potions of flight
 l - a potion of cure mutation {unknown}
 n - a potion of degeneration {unknown}
 p - a potion of beneficial mutation {unknown}
 r - a potion of invisibility {unknown}
 t - 2 potions of agility {unknown}
 u - a potion of ambrosia {unknown}
 x - a potion of magic
 C - a potion of brilliance {unknown}
Miscellaneous
 i - an ornate deck of wonders
Comestibles
 f - 3 bread rations
 q - 8 fruits


   Skills:
 * Level 5.9 Fighting
 + Level 5.2 Axes
 * Level 6.8 Armour
 * Level 5.9 Dodging
 + Level 0.3 Stealth
 * Level 7.5 Shields


You had 7 spell levels left.
You didn't know any spells.

Dungeon Overview and Level Annotations

Branches:
Dungeon (7/15)             Temple (0/1) D:4

Altars:
Ashenzari
Cheibriados
Dithmenos
Gozag
Makhleb
Pakellas
Qazlal
Sif Muna
Trog
Zin
The Shining One

Shops:
D:4 }   D:6 }


Innate Abilities, Weirdness & Mutations

You reflexively headbutt those who attack you in melee.
You have a pair of horns on your head.
You are partially covered in molten scales (AC +1).
You are robust (+10% HP).
You evolve.


Message History

You slash the deep elf mage! You headbutt the deep elf mage.
The deep elf mage is moderately wounded.
You block the deep elf mage's attack.
You closely miss the deep elf mage.
The deep elf mage is moderately wounded.
The deep elf mage hits you but does no damage.
You barely miss the deep elf mage. Your headbutt misses the deep elf mage.
The deep elf mage is moderately wounded.
The deep elf mage gestures wildly while chanting.
The deep elf mage blinks!
The deep elf mage casts a spell.
The deep elf mage blinks!
There is an open gate here.
You hit the deep elf mage.
There is a sudden explosion of sparks!
Your headbutt misses the deep elf mage.
The deep elf mage is almost dead.
The deep elf mage points at you and mumbles some strange words.
The bolt of cold hits you!
You feel a terrible chill!
Ouch! That really hurt!
You die...

##### +..P+
+..(+ +%.:+
#..#'e'#
#..#.@.# #
#..#..(# #.
#..#...# .
#..#...# #
#.#..#...#..#
#.#..8...8..#
#....
#.............#
....
###..#.####.(##
...##
#.#...####.#
....


You could see a deep elf mage.

Vanquished Creatures
  Sigmund (D:6)
  Eustachio (D:6)
  A sky beast (D:5)
  3 ogres
  2 centaurs
  Blork the orc (D:6)
  A big kobold (Sewer)
  A water moccasin zombie (D:6)
  2 crimson imps
  2 howler monkeys
  2 jellies
  A giant frog skeleton (D:7)
  A hound (D:6)
  An iguana (D:4)
  3 worker ants
  A hound skeleton (D:5)
  7 gnolls (D:6)
  5 adders
  2 river rats
  A shadow imp (D:5)
  An ooze (D:3)
  3 worms (D:3)
  3 dart slugs
  A giant gecko (D:1)
  2 orcs
  16 bats
  9 giant cockroaches
  8 hobgoblins
  14 jackals
  14 kobolds
  2 quokkas
  A ball python skeleton (D:5)
  4 giant newts
  5 goblins
  13 rats
135 creatures vanquished.

Notes
Turn   | Place    | Note
--------------------------------------------------------------
     0 | D:1      | magog001 the Minotaur Fighter began the quest for the Orb.
     0 | D:1      | Reached XP level 1. HP: 19/19 MP: 0/0
    62 | D:1      | Reached XP level 2. HP: 25/27 MP: 1/1
   175 | D:1      | Reached skill level 4 in Shields
   208 | D:1      | Reached skill level 1 in Dodging
   211 | D:1      | Reached XP level 3. HP: 20/33 MP: 2/2
  1029 | D:2      | Found a shadowy altar of Dithmenos.
  1687 | D:3      | Reached XP level 4. HP: 36/40 MP: 3/3
  1820 | D:3      | Found a glowing drain.
  1826 | Sewer    | Entered a sewer
  1900 | Sewer    | Noticed a big kobold
  1924 | Sewer    | Killed a big kobold
  1924 | Sewer    | Reached skill level 5 in Shields
  1924 | Sewer    | Reached XP level 5. HP: 45/47 MP: 4/4
  1957 | Sewer    | Found a white marble altar of Elyvilon.
  2146 | D:3      | Found a glowing silver altar of Zin.
  2182 | D:3      | Found an opulent altar of Gozag.
  2182 | D:3      | Found a glowing golden altar of the Shining One.
  2699 | D:4      | Noticed an ogre
  2708 | D:4      | Killed an ogre
  2708 | D:4      | Reached XP level 6. HP: 29/53 MP: 5/5
  2738 | D:4      | Found an oddly glowing altar of Pakellas.
  2738 | D:4      | Found Pakellas's Prime Provisions.
  2944 | D:4      | Reached skill level 5 in Armour
  3046 | D:4      | Found a staircase to the Ecumenical Temple.
  3194 | D:4      | Found a stormy altar of Qazlal.
  3274 | D:4      | Found a deep blue altar of Sif Muna.
  3582 | D:5      | Entered Level 5 of the Dungeon
  3628 | D:4      | Reached skill level 6 in Shields
  3716 | D:5      | Reached XP level 7. HP: 53/60 MP: 6/6
  4072 | D:5      | Gained mutation: Your magical capacity is low (-10% MP). [mutagenic meat]
  4073 | D:5      | Gained mutation: You are partially covered in molten scales (AC +1). [mutagenic meat]
  4074 | D:5      | Gained mutation: You are robust (+10% HP). [mutagenic meat]
  4075 | D:5      | Gained mutation: You evolve. [mutagenic meat]
  4168 | D:5      | Found a burning altar of Makhleb.
  4238 | D:6      | Found a shattered altar of Ashenzari.
  4263 | D:6      | Noticed Eustachio
  4272 | D:6      | Reached skill level 5 in Fighting
  4283 | D:6      | Killed Eustachio
  4336 | D:6      | Reached skill level 5 in Dodging
  4369 | D:6      | Noticed Sigmund
  4373 | D:6      | Killed Sigmund
  4373 | D:6      | Reached XP level 8. HP: 73/74 MP: 6/6
  4435 | D:6      | Reached skill level 7 in Shields
  4498 | D:6      | Noticed Blork the orc
  4512 | D:6      | Killed Blork the orc
  4571 | D:6      | Lost mutation: Your magical capacity is low (-10% MP). [evolution]
  4655 | D:6      | Reached skill level 5 in Axes
  4659 | D:6      | Found an oddly glowing altar of Pakellas.
  4704 | D:6      | Found Esteseos's Gadget Boutique.
  4743 | D:6      | Found a snail-covered altar of Cheibriados.
  4762 | D:6      | Found a bloodstained altar of Trog.
  5126 | D:6      | Bought an ornate deck of wonders for 260 gold pieces
  5234 | D:7      | Noticed a deep elf mage
  5242 | D:7      | Killed from afar by a deep elf mage

Skill      XL: |  1  2  3  4  5  6  7  8 |
---------------+-------------------------+-----
Shields        | 4 5 6 7 |  7.5
Fighting       | 4 5 |  5.9
Dodging        | 1 2 3 5 |  5.9
Armour         | 4 5 6 |  6.8
Axes           | 3 4 5 |  5.2
Stealth        | |  0.3

Action                   |  1- 3 |  4- 6 |  7- 9 || total
-------------------------+-------+-------+-------++-------
Melee: War axe           |   129 |   158 |   107 ||   394
       Headbutt          |    19 |    24 |    20 ||    63
       Dagger            |       |     6 |       ||     6
  Use: Scroll            |     5 |     4 |     3 ||    12
       Potion            |       |     3 |       ||     3
  Eat: Chunk             |     3 |     2 |     7 ||    12
       Bread ration      |       |     1 |       ||     1
       Meat ration       |       |       |     1 ||     1
       Beef jerky        |       |       |     1 ||     1
Armor: Scale mail        |    57 |    77 |    16 ||   150
       Fire dragon armou |       |       |    28 ||    28
Dodge: Dodged            |    38 |    68 |    33 ||   139
Block: Shield            |    71 |   118 |    52 ||   241
